 Seeded DCSS version 0.29.1-13-g9f3cf754e1 (webtiles) character file.

Game seed: 16245865983455551772 (custom seed)

2062 Trevise the Thaumaturge (level 9, -3/61 HPs)
             Began as an Octopode Fire Elementalist on Jan 24, 2023.
             Was a Follower of Sif Muna.
             Slain by a bullfrog (8 damage)
             ... on level 7 of the Dungeon.
             The game lasted 00:17:38 (8106 turns).

Trevise the Thaumaturge (OpFE)                      Turns: 8106, Time: 00:17:39

Health: -3/61      AC:  1    Str: 10    XL:     9   Next: 25%
Magic:  8/21       EV: 13    Int: 39    God:    Sif Muna [*.....]
Gold:   238        SH:  0    Dex: 15    Spells: 21/24 levels left

rFire   + + .      SeeInvis +   a - staff of fire {rF+}
rCold   x x .      Faith    .   (no shield)
rNeg    + . .      Spirit   .   (helmet restricted)
rPois   +          Reflect  .   p - amulet of regeneration
rElec   .          Harm     .   I - +6 ring of intelligence
rCorr   +          Rampage  .   f - +6 ring of intelligence
Will    .....                   h - +6 ring of intelligence
Stlth   +++.......              t - ring of Elojot {rCorr Dex+3}
HPRegen 1.00/turn               A - ring "Qucae" {rC- rN+ rCorr Slay+5 SInv}
MPRegen 0.17/turn               D - ring of Lazerr {Fire rPois Str+2}
                                (no ring)
                                (no ring)

@: no status effects
A: almost no armour, amphibious, 8 rings, camouflage 1, gelatinous body 1,
(nimble swimmer 1), tentacles
a: Renounce Religion, Channel Magic


You were on level 7 of the Dungeon.
You worshipped Sif Muna.
Sif Muna was aware of your devotion.
You visited 2 branches of the dungeon, and saw 8 of its levels.

You collected 1210 gold pieces.
You spent 972 gold pieces at shops.

Inventory:

Hand Weapons
 b - a +0 dagger
   (You took it off a goblin on level 1 of the Dungeon)
Missiles
 s - 50 stones
 y - a curare-tipped dart
 F - 21 poisoned darts
Magical Staves
 a - a staff of fire (weapon) {rF+}
   (You acquired it on level 1 of the Dungeon)
 E - a staff of poison {rPois}
   (You found it on level 7 of the Dungeon)
Jewellery
 c - a ring of ice {rC+, rF-}
   (You found it on level 5 of the Dungeon)
 f - a +6 ring of intelligence (right tentacle)
   (You found it on level 1 of the Dungeon)
 h - a +6 ring of intelligence (on tentacle)
   (You found it on level 1 of the Dungeon)
 p - an amulet of regeneration (around mantle)
   (You found it on level 3 of the Dungeon)
 t - the ring of Elojot (on tentacle) {rCorr Dex+3}
   (You bought it in a shop on level 4 of the Dungeon)

   [ring of resist corrosion]

   Dex:       It affects your dexterity (+3).
   rCorr:     It protects you from acid and corrosion.
 A - the ring "Qucae" (on tentacle) {rC- rN+ rCorr Slay+5 SInv}
   (You acquired it on level 6 of the Dungeon)

   [ring of see invisible]

   Slay:      It affects your accuracy & damage with ranged weapons and melee
   (+5).
   rC:        It makes you vulnerable to cold.
   rN:        It protects you from negative energy.
   SInv:      It lets you see invisible.
   rCorr:     It protects you from acid and corrosion.
 D - the ring of Lazerr (on tentacle) {Fire rPois Str+2}
   (You bought it in a shop on level 7 of the Dungeon)

   [ring of fire]

   It enhances your fire magic.
   Str:       It affects your strength (+2).
   rF:        It protects you from fire.
   rC:        It makes you vulnerable to cold.
   rPois:     It protects you from poison.
 I - a +6 ring of intelligence (left tentacle)
   (You acquired it on level 1 of the Dungeon)
Wands
 e - a wand of charming (10)
   (You took it off an orc priest on level 7 of the Dungeon)
 m - a wand of roots (11)
   (You found it on level 3 of the Dungeon)
 q - a wand of flame (53)
   (You found it on level 6 of the Dungeon)
Scrolls
 g - 7 scrolls of teleportation {unknown}
 j - 2 scrolls of summoning {unknown}
 k - 10 scrolls of identify {@r1}
 l - a scroll of enchant weapon {unknown}
 n - a scroll of noise {unknown}
 o - 2 scrolls of immolation {unknown}
 v - a scroll of silence {unknown}
 w - a scroll of butterflies {unknown}
 B - a scroll of amnesia {unknown}
Potions
 d - 2 potions of flight {unknown}
 i - 2 potions of lignification {unknown}
 r - a potion of brilliance {unknown}
 u - a potion of heal wounds {unknown}
 x - a potion of might {unknown}
 z - a potion of curing {unknown}
 C - a potion of berserk rage {unknown}
 M - a potion of magic


   Skills:
 + Level 5.4 Fighting
 - Level 2.0 Dodging
 - Level 2.8 Stealth
 - Level 8.0 Spellcasting
 + Level 3.0 Conjurations
 + Level 4.2 Fire Magic
 + Level 4.5 Invocations


You had 21 spell levels left.
You knew the following spells:

 Your Spells              Type           Power      Damage    Failure   Level
a - Foxfire               Conj/Fire      100%       2x1d9     1%          1
b - Scorch                Fire           100%       2d10      1%          2

Your spell library contained the following spells:

 Spells                   Type           Power      Damage    Failure   Level
 Conjure Flame            Conj/Fire      78%        6-21      1%          3
 Sting                    Tmut/Pois      60%        1d6       2%          1
 Poisonous Vapours        Pois/Air       30%        N/A       3%          2
 Inner Flame              Hex/Fire       64%        N/A       3%          3
 Flame Wave               Conj/Fire      78%        2d17      5%          4
 Confusing Touch          Hex            15%        N/A       7%          3
 Olgreb's Toxic Radiance  Pois           15%        N/A       22%         4
 Yara's Violent Unravell  Hex/Tmut       7%         3d5       54%         5
 Enfeeble                 Hex            7%         N/A       100%        7
 Chain Lightning          Conj/Air       13%        3d18      100%        9
 Fire Storm               Conj/Fire      39%        8d10      100%        9
 Shatter                  Erth           7%         3d10*     100%        9


Dungeon Overview and Level Annotations

Branches:
Dungeon (7/15)             Temple (1/1) D:5

Altars:
Cheibriados
Dithmenos
Fedhas
Kikubaaqudgha
Sif Muna
Trog
Vehumet
Yredelemnul
Zin

Shops:
D:3 [   D:4 *:[   D:7 =


Innate Abilities, Weirdness & Mutations

You cannot wear most types of armour.
You are amphibious.
You can wear up to eight rings at the same time.
Your skin changes colour to match your surroundings (Stealth+).
Your rubbery body absorbs attacks. (AC +1, EV +1)
((You are camouflaged when in or above water. (Stealth+)))
You have tentacles for arms and can constrict up to eight enemies at once.


Message History

You feel a strong surge of power!
Flames lash the orc.
You kill the orc!
Sif Muna accepts your kill.
The orc priest shouts!
You now have 8/21 mp.
The orc priest zaps a wand.
You easily resist.
Things that are here:
a +0 whip; a +0 chain mail You can't see any susceptible monsters within range! (Use Z to cast anyway.)
The orc throws a poisoned dart.
The poisoned dart closely misses you.
You feel a strong surge of power!
Flames lash the orc.
You kill the orc!
Sif Muna accepts your kill.
The orc priest miscasts a cantrip.
You now have 7/21 mp.
You feel a strong surge of power!
Flames lash the orc priest.
The orc priest's fire resistance burns away.
The orc priest invokes the aid of Beogh against you.
Pain shoots through your body!
You take 1 damage, and have 49/61 hp.
You now have 5/21 mp.
You feel a strong surge of power!
Flames lash the orc priest.
The orc priest is burned terribly!
You kill the orc priest!
Sif Muna accepts your kill.
You now have 3/21 mp.
An orc comes into view. It is wielding a +0 dagger.
Health restored: 61 You regained 4 mp, and now have 7/21 mp.
You can't see any susceptible monsters within range! (Use Z to cast anyway.) No target in view!
A scorpion comes into view.
No target in view!
q - a wand of flame (53) (gained 29 charges)
Things that are here:
a +0 whip; a +0 chain mail
e - a wand of charming (10);
F - 19 poisoned darts You now have 238 gold pieces (gained 16).
Things that are here:
a +0 dagger; an orc corpse MP restored: 21
F - 21 poisoned darts (gained 2)
Things that are here:
a +0 club; an orc corpse
Found a stone staircase leading up.
An orc warrior comes into view.
It is wielding a +0 long sword and quivering silver boomerangs.
An orc warrior is nearby!
An orc wizard comes into view. It is wielding a +0 dagger.
A bullfrog comes into view.
You can't see any susceptible monsters within range! (Use Z to cast anyway.)
An orc comes into view. It is wielding a +0 mace.
You feel a strong surge of power!
Flames lash the orc wizard.
You kill the orc wizard!
Sif Muna accepts your kill.
The orc warrior shouts!
The orc shouts!
You hear a croak.
The orc warrior throws a silver boomerang.
The silver boomerang hits you.
You take 7 damage, and have 54/61 hp.
You now have 19/21 mp.
You feel a strong surge of power!
Flames lash the orc warrior.
The orc warrior's fire resistance burns away.
The orc closely misses you.
You now have 17/21 mp.
You feel a strong surge of power!
Flames lash the orc.
You kill the orc!
Sif Muna accepts your kill.
The orc warrior throws a silver boomerang.
The silver boomerang closely misses you.
The orc hits you with a +0 dagger.
You take 1 damage, and have 55/61 hp.
You now have 15/21 mp.
You feel a strong surge of power!
Flames lash the orc.
You kill the orc!
Sif Muna accepts your kill.
The orc warrior throws a silver boomerang.
The silver boomerang hits you!
You take 17 damage, and have 38/61 hp.
MASSIVE DAMAGE!!
You now have 13/21 mp.
The orc warrior hits you with a +0 long sword.
You take 4 damage, and have 34/61 hp.
You feel a strong surge of power!
Flames lash the scorpion.
The scorpion's fire resistance burns away.
The scorpion misses you. The orc warrior barely misses you.
You now have 12/21 mp.
You feel a strong surge of power!
Flames lash the scorpion.
The scorpion is burned terribly!
You kill the scorpion!
Sif Muna accepts your kill. The bullfrog hits you.
The orc warrior hits you with a +0 long sword!!
* * * LOW HITPOINT WARNING * * *
Your Conjurations skill increases to level 3!
You take 22 damage, and have 13/61 hp.
MASSIVE DAMAGE!!
You now have 10/21 mp.
You feel a strong surge of power!
Flames lash the orc warrior.
The orc warrior is burned terribly!
The bullfrog barely misses you.
The orc warrior hits you with a +0 long sword!
* * * LOW HITPOINT WARNING * * *
The bullfrog hits you!
You die...

#........)... ..
#.....##...........# ...
#.....##.......†...#
....#.....##........)..#
....#.....##...........#
..........##.######†####
........)..#.# #.#
.....#†).).#.######.#
......o@F..#.........
....#......#......... .
##.....#.........#
#................
######.........<
+.............#..
########.####.# . #.# .#
#.# .


You could see an orc warrior (combustible) and a bullfrog.

Vanquished Creatures
  Sigmund (D:5)
  A steam dragon (D:7)
  A water moccasin (D:6)
  An ice beast (D:7)
  An orc warrior (D:6)
  A black bear (D:5)
  An ogre (D:4)
  A phantom (D:6)
  A centaur (D:5)
  A kobold brigand (D:6)
  3 bullfrogs
  5 scorpions
  2 howler monkeys (D:7)
  2 orc priests
  A gnoll bouda (D:7)
  3 hounds
  Jessica (D:2)
  3 iguanas
  3 orc wizards
  8 gnolls
  5 adders
  A white imp (D:5)
  A dart slug (D:5)
  13 orcs
  6 ball pythons
  3 bats
  8 endoplasms
  A giant cockroach (D:4)
  5 goblins
  8 hobgoblins
  12 kobolds
  4 quokkas
  3 frilled lizards
  7 rats
118 creatures vanquished.

Vanquished Creatures (others)
  116 foxfires
  12 plants
128 creatures vanquished.

Grand Total: 246 creatures vanquished

Notes
Turn   | Place    | Note
-------+----------+-------------------------------------------
     0 | D:1      | Trevise the Octopode Fire Elementalist began the quest for
                  | the Orb.
     0 | D:1      | Reached XP level 1. HP: 11/11 MP: 3/3
   126 | D:1      | Identified 3 scrolls of acquirement
   126 | D:1      | Acquired a staff of fire
   127 | D:1      | Acquired a +6 ring of intelligence
   128 | D:1      | Acquired 850 gold pieces
   206 | D:1      | HP: 1/11 [endoplasm (2)]
   208 | D:1      | Reached XP level 2. HP: 1/17 MP: 0/5
   514 | D:1      | Learned a level 2 spell: Scorch
   580 | D:1      | Found a faded altar of an unknown god.
  1703 | D:1      | Reached XP level 3. HP: 21/21 MP: 6/6
  2193 | D:2      | Noticed Jessica
  2198 | D:2      | Killed Jessica
  2199 | D:2      | Reached skill level 3 in Spellcasting
  2199 | D:2      | Reached XP level 4. HP: 27/27 MP: 6/9
  2894 | D:3      | Found Ymmy Ciutu's Antique Armour Shoppe.
  3197 | D:3      | Reached skill level 4 in Spellcasting
  3197 | D:3      | Reached XP level 5. HP: 31/31 MP: 7/11
  3750 | D:4      | Found Gamycsypi's Antique Armour Boutique.
  3761 | D:4      | Reached skill level 1 in Fighting
  3761 | D:4      | Reached skill level 5 in Spellcasting
  3761 | D:4      | Reached XP level 6. HP: 38/38 MP: 8/13
  3862 | D:4      | Found Koenoidu's Book Boutique.
  4051 | D:4      | Found a snail-covered altar of Cheibriados.
  4078 | D:4      | Found Tuuwolaw's General Store.
  4153 | D:4      | Found a shadowy altar of Dithmenos.
  4219 | D:4      | Bought a scroll of identify for 24 gold pieces
  4219 | D:4      | Bought a scroll of identify for 24 gold pieces
  4219 | D:4      | Bought the ring of Elojot {rCorr Dex+3} for 399 gold pieces
  4642 | D:5      | Entered Level 5 of the Dungeon
  4647 | D:5      | Noticed Sigmund
  4650 | D:5      | Reached skill level 2 in Fighting
  4652 | D:5      | Killed Sigmund
  4653 | D:5      | Reached skill level 6 in Spellcasting
  4653 | D:5      | Reached XP level 7. HP: 43/45 MP: 4/16
  4913 | D:5      | Reached skill level 3 in Fighting
  5147 | D:5      | Found a staircase to the Ecumenical Temple.
  5156 | Temple   | Entered the Ecumenical Temple
  5161 | Temple   | Became a worshipper of Sif Muna the Loreminder
  5703 | D:5      | Found a glowing silver altar of Zin.
  5884 | D:5      | Reached skill level 7 in Spellcasting
  5884 | D:5      | Reached skill level 1 in Invocations
  5884 | D:5      | Reached XP level 8. HP: 54/54 MP: 11/18
  6248 | D:6      | Reached skill level 4 in Fighting
  6347 | D:6      | Reached skill level 2 in Invocations
  6663 | D:6      | Acquired the ring "Qucae" {rC- rN+ rCorr Slay+5 SInv}
  6979 | D:6      | Reached * piety under Sif Muna
  7367 | D:6      | Reached skill level 8 in Spellcasting
  7367 | D:6      | Reached skill level 3 in Invocations
  7648 | D:7      | Found Dackej's Jewellery Shoppe.
  7654 | D:7      | Bought the ring of Lazerr {Fire rPois Str+2} for 525 gold
                  | pieces
  7756 | D:6      | HP: 9/54 [iguana (7)]
  7757 | D:6      | Reached skill level 2 in Conjurations
  7878 | D:7      | Reached skill level 5 in Fighting
  7878 | D:7      | Reached skill level 4 in Invocations
  7878 | D:7      | Reached XP level 9. HP: 61/61 MP: 16/21
  7952 | D:7      | Reached skill level 4 in Fire Magic
  8105 | D:7      | HP: 13/61 [orc warrior/+0 long sword (18)]
  8106 | D:7      | Reached skill level 3 in Conjurations
  8106 | D:7      | HP: 5/61 [orc warrior/+0 long sword (9)]
  8106 | D:7      | Slain by a bullfrog

Illustrated notes

Levels and vault maps discovered:
D:1:      minmay_arrival_hallway, layout_loops_corners, basic_ecumenical_altar,
          minmay_unequal
D:2:      layout_loops_ring, uniq_jessica
D:3:      layout_basic, serial_shops, nicolae_shop_advertising_works
          [nicolae_subvault_shop_adworks], minmay_shallow_snake_nest,
          uniq_natasha
D:4:      layout_rooms, grunt_dithmenos_smoke_and_mirrors,
          makhleb_blood_cavern_becter, slow_altar_1, serial_shops,
          nicolae_square_shop, nicolae_shop_temple_entry_statues_fountains,
          kennysheep_mini_moat, chequers_serial_rivers_large_a,
          minmay_fractal_squares_gapless_5
D:5:      layout_layer_cave, mainiacjoe_overflow_cross_hatched,
          lemuel_temple_firewalk_b, uniq_sigmund
D:6:      layout_basic
D:7:      layout_basic, nicolae_hepliaklqana_hazy_memory, serial_shops,
          nicolae_stop_n_shop_2
Temple:   nicolae_temple_bog_church

Skill      XL: |  1  2  3  4  5  6  7  8  9 |
---------------+----------------------------+-----
Spellcasting   | 3 4 5 6 7 8 |  8.0
Fighting       | 1 2 3 5 |  5.4
Invocations    | 1 4 |  4.5
Conjurations   | 2 3 |  3.0
Fire Magic     | 4 |  4.2
Dodging        | |  2.0
Stealth        | |  2.8

Action                   |  1- 3 |  4- 6 |  7- 9 || total
-------------------------+-------+-------+-------++-------
Melee: Staff             |    13 |     9 |     4 ||    26
       Unarmed           |     3 |       |       ||     3
       Tentacles         |     1 |     2 |       ||     3
       Constrict         |     3 |     2 |     2 ||     7
 Cast: Foxfire           |    37 |    15 |    27 ||    79
       Scorch            |     4 |    49 |    72 ||   125
Evoke: Wand              |       |     3 |       ||     3
  Use: Scroll            |     3 |       |     1 ||     4
 Stab: Sleeping          |     2 |       |       ||     2
Armor: Skin              |     1 |       |       ||     1
Dodge: Dodged            |    11 |    11 |    36 ||    58

Table legend: (Time is in decaauts)
 A = Elapsed time spent in this place.
 B = Non-inter-level travel time spent in this place.
 C = Inter-level travel time spent in this place.
 D = Time resting spent in this place.
 E = Time spent auto-exploring this place.
 F = Levels seen in this place.
 G = Mean time per level.
                   A        B        C        D        E       F      G
               +--------+--------+--------+--------+--------+-----+--------+
         Total |   8109 |   7837 |    272 |    756 |   6216 |   8 | 1013.6 |
       Dungeon |   8098 |   7831 |    267 |    756 |   6216 |   7 | 1156.9 |
        Temple |     10 |      5 |      5 |      0 |      0 |   1 |   10.0 |
               +--------+--------+--------+--------+--------+-----+--------+

Top non-repeatable levels by time:
     D:1: 1783 daAuts
     D:6: 1581 daAuts
     D:5: 1540 daAuts
     D:3: 1170 daAuts
     D:4: 923 daAuts
     D:2: 766 daAuts
     D:7: 332 daAuts
  Temple: 10 daAuts

Table legend:
 A = Kills in this place as a percentage of kills in entire the game.
 B = Kills by you in this place as a percentage of kills by you in the entire game.
 C = Kills by friends in this place as a percentage of kills by friends in the entire game.
 D = Other kills in this place as a percentage of other kills in the entire game.
 E = Experience gained in this place as a percentage of experience gained in the entire game.
 F = Experience gained in this place divided by the number of levels of this place that you have seen.
                   A       B       C       D       E      F
               +-------+-------+-------+-------+-------+----------------------
         Total | 100.0 | 100.0 |   N/A |   N/A | 100.0 | 368.2
       Dungeon | 100.0 | 100.0 |   N/A |   N/A | 100.0 | 420.9
               +-------+-------+-------+-------+-------+----------------------
